AoeStats
← AI

Arena

510572117Analyzed
4v4 RM · 1d ago on Oct 1, 2026· 35m 9s· 8 players
Game mode
Random Map
Map size
Large (8 player)
Population
200
Speed
Normal
Resources
Standard
Victory
Conquest
Starting age
Dark Age
Ending age
Imperial Age
RankedLock teamsTeams togetherTeam positionsShared explorationLock speedFull tech treeHidden civsTurbo modeCheats
Victory
Defeat
🇧🇷 Danes · Brazil
965
+13
🇫🇷 Byzantines · France
961
+13
🇺🇸 Goths · United States
933
+14
🇨🇳 Turks · China
838
+17
911
-15
🇪🇪 Vietnamese · Estonia
895
-15
🇹🇷 Wu · Türkiye
875
-14
🇹🇷 Turks · Türkiye
867
-13
Cocky Joe aka Simple Joe
10:00 Feudal Age
12:18 Horse Collar
14:48 Castle Age
13:07 Double-Bit Axe
14:16 Gold Mining
16:20 Heavy Plow
17:22 Wheelbarrow
18:24 Loom
24:07 Gold Shaft Mining
24:10 Hand Cart
24:54 Stone Mining
25:49 Bow Saw
26:50 Paiks
29:25 Imperial Age
27:19 Scale Barding Armor
28:28 Chain Barding Armor
28:39 Forging
29:14 Bloodlines
29:05 Husbandry
30:49 Plate Barding Armor
30:50 Iron Casting
32:33 Crop Rotation
32:19 Elite Battle Elephant
33:08 Siege Elephant
35:51 Blast Furnace
squeezecheese21
7:23 Loom
9:56 Feudal Age
11:17 Wheelbarrow
10:24 Horse Collar
10:30 Double-Bit Axe
13:27 Stone Mining
17:00 Town Watch
19:26 Castle Age
18:13 Forging
18:12 Gold Mining
18:59 Fletching
21:03 Heavy Plow
22:16 Heavy Plow
22:41 Bow Saw
23:24 Gold Shaft Mining
23:13 Hand Cart
25:08 Town Watch
26:12 Stone Shaft Mining
26:02 Scale Mail Armor
27:44 Ballistics
27:29 Pikeman
28:10 Squires
28:48 Iron Casting
28:29 Chain Mail Armor
28:55 Bodkin Arrow
31:24 Chain Mail Armor
31:01 Loom
33:49 Imperial Age
30:48 Man-at-Arms
31:15 Arson
31:42 Masonry
31:38 Husbandry
31:39 Treadmill Crane
32:06 Padded Archer Armor
32:04 Long Swordsman
33:52 Two-Handed Swordsman
34:55 Sitting Tiger
35:16 Conscription
35:33 Architecture
36:19 Blast Furnace
Seres
0:43 Loom
10:13 Feudal Age
16:30 Castle Age
14:44 Horse Collar
15:02 Double-Bit Axe
16:16 Gold Mining
16:16 Stone Mining
18:19 Sanctity
19:28 Sanctity
20:08 Bow Saw
23:52 Heavy Plow
LordSilwo
10:06 Feudal Age
14:24 Castle Age
13:36 Double-Bit Axe
14:31 Loom
20:24 Horse Collar
22:14 Fletching
23:44 Bodkin Arrow
24:38 Crossbowman
27:34 Bow Saw
27:47 Heavy Plow
28:40 Masonry
33:01 Imperial Age
31:03 Ballistics
31:45 Padded Archer Armor
32:22 Wheelbarrow
33:02 Thumb Ring
33:19 Leather Archer Armor
33:52 Arbalester
34:01 Elite Skirmisher
Euler
0:32 Loom
13:56 Feudal Age
14:31 Horse Collar
14:40 Double-Bit Axe
14:52 Gold Mining
14:52 Stone Mining
20:10 Castle Age
20:14 Fletching
20:35 Forging
20:26 Scale Mail Armor
21:04 Wheelbarrow
21:14 Bow Saw
21:07 Heavy Plow
23:06 Wheelbarrow
23:57 Bodkin Arrow
24:38 Iron Casting
24:18 Chain Mail Armor
28:55 Anarchy
29:02 Squires
28:23 Pikeman
34:05 Imperial Age
AdGloriam
10:27 Feudal Age
15:28 Castle Age
13:53 Double-Bit Axe
21:23 Stone Mining
22:37 Horse Collar
26:20 Fortified Wall
26:20 Gold Mining
26:42 Pikeman
27:22 Squires
28:14 Gold Shaft Mining
28:04 Bow Saw
27:46 Loom
29:01 Scale Mail Armor
29:12 Forging
29:15 Scale Barding Armor
30:00 Stone Shaft Mining
29:49 Husbandry
31:31 Chain Barding Armor
32:50 Scale Mail Armor
33:25 Iron Casting
36:21 Imperial Age
34:28 Chain Mail Armor
34:36 Gambesons
34:37 Arson
marcosprojj
11:53 Feudal Age
15:49 Castle Age
14:49 Double-Bit Axe
16:38 Horse Collar
21:48 Loom
24:40 Arson
25:17 Scale Mail Armor
26:46 Chain Mail Armor
28:11 Forging
31:39 Imperial Age
33:53 Gold Mining
34:07 Heavy Plow
34:22 Bow Saw
AI
11:08 Feudal Age
15:27 Castle Age
13:41 Double-Bit Axe
17:59 Bow Saw
17:37 Horse Collar
24:32 Loom
30:05 Imperial Age
30:08 Heavy Plow
31:19 Conscription
32:04 Husbandry
35:05 Wheelbarrow
Connection lost

Rejoining the realm…

Still unreachable

The connection could not be restored.

Session expired

The server has moved on; the page needs a fresh start.